SAA
SAN BERNARDINO GRASSHOPPERS @ LANNISTER UNITED LIONHEARTS
07/17/2034
 
TOP OF THE 1ST
San Bernardino Grasshoppers batting - Pitching for Lannister United Lionhearts : LHP Ismael Riddles
Pitching: LHP Ismael Riddles
Batting: RHB John Clark 0-0: Foul Ball, location: 2F
0-1: Ball
1-1: Ball
2-1: Ball
3-1: Base on Balls
Batting: LHB Jesús Hernández 0-0: Called Strike
0-1: Ball
1-1: Swinging Strike
1-2: Ball
2-2: Foul Ball, location: 2F
2-2: Grounds into double play, 4-6-3 (Groundball, 4)
Batting: RHB Reinaart Manshert 0-0: Foul Ball, location: 2F
0-1: Foul Ball, location: 2F
0-2: Ball
1-2: Ball
2-2: Ball
3-2: Base on Balls
Batting: RHB Jim MacRach 0-0: Ball
1-0: Called Strike
1-1: Ball
2-1: Foul Ball, location: 2F
2-2: Ball
3-2: TRIPLE (Flyball, 3D)
Reinaart Manshert scores
Batting: RHB Howard Lee 0-0: Ground out 4-3 (Groundball, 4)
Top of the 1st over - 1 run, 1 hit, 0 errors, 1 left on base; San Bernardino 1 - Lannister United 0
BOTTOM OF THE 1ST
Lannister United Lionhearts batting - Pitching for San Bernardino Grasshoppers : RHP Ted Chong
Pitching: RHP Ted Chong
Batting: RHB Dejmi Dumervil 0-0: Foul Ball, location: 2F
0-1: Foul Ball, location: 2F
0-2: Ground out U3 (Groundball, 3)
Batting: RHB Cristo Cuervo 0-0: Ball
1-0: Fly out, F4 (Line Drive, 4)
Batting: SHB Gerrie Bond 0-0: SINGLE (Line Drive, 56D)
Batting: LHB Dave Watts 0-0: Called Strike
0-1: Ball
1-1: Ball
2-1: Ball
3-1: SINGLE (Groundball, 56D)
Gerrie Bond to second
Batting: RHB Mitsuhide Bando 0-0: Ball
1-0: Fielders Choice at 2nd, 6-4 (Groundball, 6)
Bottom of the 1st over - 0 runs, 2 hits, 0 errors, 2 left on base; San Bernardino 1 - Lannister United 0
TOP OF THE 2ND
San Bernardino Grasshoppers batting - Pitching for Lannister United Lionhearts : LHP Ismael Riddles
Batting: RHB Vaughn White 0-0: Called Strike
0-1: Ball
1-1: Ball
2-1: Swinging Strike
2-2: Ball
3-2: Strikes out looking
Batting: RHB Wren Driscoll 0-0: SINGLE (Flyball, 7S) - OUT at second base trying to stretch hit.
Batting: RHB Kristoffer Melin 0-0: Called Strike
0-1: Ball
1-1: Ball
2-1: SINGLE (Groundball, 56D)
Batting: RHB Andy Alderliesten 0-0: Ball
1-0: Ball
2-0: Called Strike
2-1: Fielders Choice at 2nd, 5-4 (Groundball, 56)
Top of the 2nd over - 0 runs, 2 hits, 0 errors, 1 left on base; San Bernardino 1 - Lannister United 0
BOTTOM OF THE 2ND
Lannister United Lionhearts batting - Pitching for San Bernardino Grasshoppers : RHP Ted Chong
Batting: RHB Víctor Murguia 0-0: Called Strike
0-1: Ball
1-1: Foul Ball, location: 2F
1-2: Ball
2-2: Ground out 6-3 (Groundball, 6D)
Batting: SHB Miklos Elias 0-0: Ball
1-0: Ball
2-0: Ball
3-0: Called Strike
3-1: Foul Ball, location: 2F
3-2: Base on Balls
Batting: RHB Mohamed Billard 0-0: Ball
1-0: Ball
2-0: Called Strike
Miklos Elias steals 2nd base
2-1: SINGLE (Groundball, 56D)
Miklos Elias to third
Runner from 3rd tries for Home, SAFE, no throw
Batting: RHB Manny García 0-0: Foul Ball, location: 2F
0-1: Swinging Strike
0-2: Ball
1-2: Fly out, F3 (Line Drive, 3S)
Batting: RHB Dejmi Dumervil 0-0: Ball
1-0: Ground out 6-3 (Groundball, 6S)
Bottom of the 2nd over - 1 run, 1 hit, 0 errors, 1 left on base; San Bernardino 1 - Lannister United 1
TOP OF THE 3RD
San Bernardino Grasshoppers batting - Pitching for Lannister United Lionhearts : LHP Ismael Riddles
Batting: RHB John Clark 0-0: Called Strike
0-1: Called Strike
0-2: Ball
1-2: Ground out 5-3 (Groundball, 5S)
Batting: LHB Jesús Hernández 0-0: Ball
1-0: Swinging Strike
1-1: Ball
2-1: Foul Ball, location: 2F
2-2: Foul Ball, location: 2F
2-2: Fly out, F7 (Line Drive, 7)
Batting: RHB Reinaart Manshert 0-0: Ball
1-0: SINGLE (Line Drive, 6MD)
Batting: RHB Jim MacRach 0-0: Ball
1-0: Called Strike
1-1: SINGLE (Line Drive, 5)
Reinaart Manshert to second
Batting: RHB Howard Lee 0-0: Called Strike
0-1: Ball
1-1: Called Strike
1-2: Strikes out swinging
Top of the 3rd over - 0 runs, 2 hits, 0 errors, 2 left on base; San Bernardino 1 - Lannister United 1
BOTTOM OF THE 3RD
Lannister United Lionhearts batting - Pitching for San Bernardino Grasshoppers : RHP Ted Chong
Batting: RHB Cristo Cuervo 0-0: Called Strike
0-1: Foul Ball, location: 2F
0-2: Ball
1-2: Foul Ball, location: 2F
1-2: Foul Ball, location: 2F
1-2: Strikes out swinging
Batting: SHB Gerrie Bond 0-0: Ball
1-0: Ball
2-0: Ball
3-0: Base on Balls
Batting: LHB Dave Watts 0-0: Ball
1-0: 2-RUN HOME RUN (Flyball, 89XD), Distance : 399 ft
Batting: RHB Mitsuhide Bando 0-0: Called Strike
0-1: Ball
1-1: Foul Ball, location: 2F
1-2: Strikes out swinging
Batting: RHB Víctor Murguia 0-0: Ball
1-0: Called Strike
1-1: DOUBLE (Line Drive, 7)
Batting: SHB Miklos Elias 0-0: Ball
1-0: Ground out 1-3 (Groundball, P)
Bottom of the 3rd over - 2 runs, 2 hits, 0 errors, 1 left on base; San Bernardino 1 - Lannister United 3
TOP OF THE 4TH
San Bernardino Grasshoppers batting - Pitching for Lannister United Lionhearts : LHP Ismael Riddles
Batting: RHB Vaughn White 0-0: Ball
1-0: Ball
2-0: Fly out, F9 (Flyball, 9S)
Batting: RHB Wren Driscoll 0-0: Ball
1-0: Foul Ball, location: 2F
1-1: Ball
2-1: Foul Ball, location: 2F
2-2: SINGLE (Groundball, 56D)
Batting: RHB Kristoffer Melin 0-0: Called Strike
0-1: Ball
1-1: Swinging Strike
1-2: Fielders Choice at 2nd, 1-6 (Groundball, 13)
Batting: RHB Andy Alderliesten 0-0: Ball
1-0: Fly out, F3 (Popup, 3S)
Top of the 4th over - 0 runs, 1 hit, 0 errors, 1 left on base; San Bernardino 1 - Lannister United 3
BOTTOM OF THE 4TH
Lannister United Lionhearts batting - Pitching for San Bernardino Grasshoppers : RHP Ted Chong
Batting: RHB Mohamed Billard 0-0: Ball
1-0: Ball
2-0: Ground out 1-3 (Groundball, 15S)
Batting: RHB Manny García 0-0: Called Strike
0-1: Foul Ball, location: 2F
0-2: Foul Ball, location: 2F
0-2: Ground out 5-3 (Groundball, 5L)
Batting: RHB Dejmi Dumervil 0-0: Called Strike
0-1: Ball
1-1: Ground out 4-3 (Groundball, 4)
Bottom of the 4th over - 0 runs, 0 hits, 0 errors, 0 left on base; San Bernardino 1 - Lannister United 3
TOP OF THE 5TH
San Bernardino Grasshoppers batting - Pitching for Lannister United Lionhearts : LHP Ismael Riddles
Batting: RHB John Clark 0-0: Called Strike
0-1: Foul Ball, location: 2F
0-2: Fly out, F8 (Flyball, 8RM)
Batting: LHB Jesús Hernández 0-0: Foul Ball, location: 2F
0-1: Ball
1-1: Ball
2-1: Ball
3-1: Called Strike
3-2: Strikes out looking
Batting: RHB Reinaart Manshert 0-0: Called Strike
0-1: Ball
1-1: Swinging Strike
1-2: Ball
2-2: Foul Ball, location: 2F
2-2: SINGLE (Flyball, 6D)
Batting: RHB Jim MacRach 0-0: Ball
1-0: Foul Ball, location: 2F
1-1: Foul Ball, location: 2F
1-2: Ground out 4-3 (Groundball, 4)
Top of the 5th over - 0 runs, 1 hit, 0 errors, 1 left on base; San Bernardino 1 - Lannister United 3
BOTTOM OF THE 5TH
Lannister United Lionhearts batting - Pitching for San Bernardino Grasshoppers : RHP Ted Chong
Batting: RHB Cristo Cuervo 0-0: Ball
1-0: Ball
2-0: Fly out, F6 (Popup, 6S)
Batting: SHB Gerrie Bond 0-0: Fly out, F7 (Flyball, 78M)
Batting: LHB Dave Watts 0-0: Foul Ball, location: 2F
0-1: DOUBLE (Flyball, 78XD) - OUT at third base trying to stretch hit.
Bottom of the 5th over - 0 runs, 1 hit, 0 errors, 0 left on base; San Bernardino 1 - Lannister United 3
TOP OF THE 6TH
San Bernardino Grasshoppers batting - Pitching for Lannister United Lionhearts : LHP Ismael Riddles
Batting: RHB Howard Lee 0-0: Ball
1-0: Foul Ball, location: 2F
1-1: Foul Ball, location: 2F
1-2: Ball
2-2: Ground out 6-3 (Groundball, 6)
Batting: RHB Vaughn White 0-0: Called Strike
0-1: Ball
1-1: Called Strike
1-2: Foul Ball, location: 2F
1-2: Strikes out looking
Batting: RHB Wren Driscoll 0-0: DOUBLE (Line Drive, 7)
Pitching: LHP Roberto Muñóz
Batting: RHB Kristoffer Melin 0-0: Called Strike
0-1: Foul Ball, location: 2F
0-2: Fly out, F8 (Flyball, 8RD)
Top of the 6th over - 0 runs, 1 hit, 0 errors, 1 left on base; San Bernardino 1 - Lannister United 3
BOTTOM OF THE 6TH
Lannister United Lionhearts batting - Pitching for San Bernardino Grasshoppers : RHP Ted Chong
Batting: RHB Mitsuhide Bando 0-0: Ball
1-0: Ball
2-0: Ball
3-0: Called Strike
3-1: Called Strike
3-2: Ground out 5-3 (Groundball, 5L)
Batting: RHB Víctor Murguia 0-0: Ball
1-0: Called Strike
1-1: Foul Ball, location: 2F
1-2: Ball
2-2: Foul Ball, location: 2F
2-2: Foul Ball, location: 2F
2-2: Foul Ball, location: 2F
2-2: Ball
3-2: Ground out 4-3 (Groundball, 4)
Batting: SHB Miklos Elias 0-0: Ball
1-0: Ball
2-0: Ground out 4-3 (Groundball, 4)
Bottom of the 6th over - 0 runs, 0 hits, 0 errors, 0 left on base; San Bernardino 1 - Lannister United 3
TOP OF THE 7TH
San Bernardino Grasshoppers batting - Pitching for Lannister United Lionhearts : LHP Roberto Muñóz
Batting: RHB Andy Alderliesten 0-0: Foul Ball, location: 2F
0-1: Fly out, F7 (Line Drive, 78S)
Batting: RHB John Clark 0-0: Ball
1-0: Foul Ball, location: 2F
1-1: Called Strike
1-2: Foul Ball, location: 2F
1-2: Foul Ball, location: 2F
1-2: Foul Ball, location: 2F
1-2: Ball
2-2: Strikes out swinging
Batting: LHB Jesús Hernández 0-0: Swinging Strike
0-1: Ball
1-1: Foul Ball, location: 2F
1-2: Strikes out looking
Top of the 7th over - 0 runs, 0 hits, 0 errors, 0 left on base; San Bernardino 1 - Lannister United 3
BOTTOM OF THE 7TH
Lannister United Lionhearts batting - Pitching for San Bernardino Grasshoppers : RHP Ted Chong
Batting: RHB Mohamed Billard 0-0: Ball
1-0: Foul Ball, location: 2F
1-1: Ball
2-1: Ball
3-1: Reached on error, E6 (Groundball, 6)
Batting: RHB Manny García 0-0: Ball
1-0: Swinging Strike
1-1: Ground out 1-3 (Groundball, 15)
Batting: RHB Dejmi Dumervil 0-0: Ball
Wild Pitch!
Mohamed Billard to third
1-0: Called Strike
1-1: Ball
2-1: Called Strike
2-2: Ball
3-2: Foul Ball, location: 2F
3-2: Strikes out swinging
Pitching: RHP Hollis Morse
Batting: RHB Cristo Cuervo 0-0: Ball
1-0: Ball
2-0: Ball
3-0: Called Strike
3-1: Base on Balls
Batting: SHB Gerrie Bond 0-0: Ball
1-0: Ball
2-0: Called Strike
2-1: 3-RUN HOME RUN (Flyball, 78XD), Distance : 419 ft
Batting: LHB Dave Watts 0-0: Foul Ball, location: 2F
0-1: Ball
1-1: Fly out, F8 (Flyball, 8RD)
Bottom of the 7th over - 3 runs, 1 hit, 1 error, 0 left on base; San Bernardino 1 - Lannister United 6
TOP OF THE 8TH
San Bernardino Grasshoppers batting - Pitching for Lannister United Lionhearts : LHP Roberto Muñóz
Batting: RHB Reinaart Manshert 0-0: Ball
1-0: Called Strike
1-1: Fly out, F7 (Flyball, 7S)
Batting: RHB Jim MacRach 0-0: Ball
1-0: Ball
2-0: Called Strike
2-1: Ball
3-1: Base on Balls
Batting: RHB Howard Lee 0-0: Ball
1-0: DOUBLE (Line Drive, 7LD)
Jim MacRach to third
Batting: RHB Vaughn White 0-0: Ball
1-0: Ball
2-0: Ball
3-0: Called Strike
3-1: Base on Balls
Batting: RHB Wren Driscoll 0-0: Called Strike
0-1: SINGLE (Flyball, 7LS)
Jim MacRach scores
Howard Lee to third
Vaughn White to second
Runner from 3rd tries for Home, SAFE, no throw
Pitching: LHP Hercules Mata'afa
Batting: RHB Kristoffer Melin 0-0: Ball
1-0: SINGLE (Groundball, 4MD)
Vaughn White to third
Wren Driscoll to second
Runner from 3rd tries for Home, SAFE, throw made home
Batting: RHB Andy Alderliesten 0-0: Called Strike
0-1: Called Strike
0-2: Ground out 5-3 (Groundball, 56S)
Wren Driscoll to third
Kristoffer Melin to second
Batting: RHB John Clark 0-0: Ball
1-0: Called Strike
1-1: Ball
2-1: SINGLE (Line Drive, 6MD)
Wren Driscoll scores
Kristoffer Melin to third
Runner from 3rd tries for Home, throw and OUT!
Top of the 8th over - 4 runs, 4 hits, 0 errors, 1 left on base; San Bernardino 5 - Lannister United 6
BOTTOM OF THE 8TH
Lannister United Lionhearts batting - Pitching for San Bernardino Grasshoppers : RHP Hollis Morse
Batting: RHB Mitsuhide Bando 0-0: Fly out, F6 (Popup, 6D)
Batting: RHB Víctor Murguia 0-0: Ball
1-0: Called Strike
1-1: SINGLE (Groundball, 56D)
Batting: SHB Miklos Elias 0-0: Ball
1-0: Foul Ball, location: 2F
1-1: Called Strike
1-2: Ball
2-2: Foul Ball, location: 2F
2-2: Fly out, F2 (Popup, 23F)
Batting: RHB Mohamed Billard 0-0: Ground out 4-3 (Groundball, 4)
Bottom of the 8th over - 0 runs, 1 hit, 0 errors, 1 left on base; San Bernardino 5 - Lannister United 6
TOP OF THE 9TH
San Bernardino Grasshoppers batting - Pitching for Lannister United Lionhearts : LHP Hercules Mata'afa
Pitching: RHP Joy-shan Men
Batting: LHB Jesús Hernández 0-0: Foul Ball, location: 2F
0-1: Ball
1-1: Foul Ball, location: 2F
1-2: Ball
2-2: Strikes out looking
Batting: RHB Reinaart Manshert 0-0: Ball
1-0: Swinging Strike
1-1: Ball
2-1: Foul Ball, location: 2F
2-2: Strikes out swinging
Batting: RHB Jim MacRach 0-0: Foul Ball, location: 2F
0-1: Ball
1-1: SINGLE (Line Drive, 78D)
Batting: RHB Howard Lee 0-0: Called Strike
0-1: Ball
1-1: Ball
2-1: Called Strike
2-2: Strikes out looking
Top of the 9th over - 0 runs, 1 hit, 0 errors, 1 left on base; San Bernardino 5 - Lannister United 6
Friday, March 29th, 2019 - OOTP Baseball 18.8 Build 76